 Dungeon Crawl Stone Soup version 0.25.1-2-g60ff931df9 (webtiles) character file.

Game seed: 5277768077068949043

37 ubername the Ruffian (level 3, -1/42 HPs)
             Began as a Minotaur Transmuter on Oct 16, 2020.
             Slain by a hobgoblin (2 damage)
             ... on level 2 of the Dungeon.
             The game lasted 00:02:00 (1345 turns).

ubername the Ruffian (Minotaur Transmuter)          Turns: 1345, Time: 00:02:01

Health: -1/42      AC: 21    Str: 15    XL:     3   Next: 21%
Magic:  2/4        EV:  2    Int: 10    God:
Gold:   19         SH:  0    Dex: 10    Spells: 4/5 levels left

rFire    . . .     SeeInvis .   g - +0 dagger
rCold    . . .     Gourm    .   (no shield)
rNeg     + + +     Faith    .   (armour currently unavailable)
rPois    +         Spirit   .   (helmet currently unavailable)
rElec    .         Reflect  .   (cloak currently unavailable)
rCorr    .         Harm     .   (gloves currently unavailable)
MR       .....     NoTele   +   (boots currently unavailable)
Stlth    +.........             (no amulet)
HPRegen  0.14/turn              (no ring)
MPRegen  0.09/turn              (no ring)

@: mighty, lethally poisoned (-1 -> -2), tree-form, very slightly contaminated
A: (retaliatory headbutt)
a: no special abilities


You were on level 2 of the Dungeon.
You were not hungry.
You were a tree.
You visited 1 branch of the dungeon, and saw 2 of its levels.

You collected 19 gold pieces.

Inventory:

Hand Weapons
 g - a +0 dagger (weapon)
Missiles
 a - 83 arrows
 e - 69 stones (quivered)
 f - 4 poisoned darts
Armour
 b - a +0 robe (melded)
Jewellery
 j - a cursed amulet of inaccuracy {unknown}
Scrolls
 c - a scroll of blinking {unknown}
 h - a scroll of identify {unknown}
 i - a scroll of magic mapping {unknown}
Comestibles
 d - 3 rations
 m - a chunk of flesh


   Skills:
 + Level 1.3 Fighting
 + Level 0.4 Short Blades
 + Level 2.6 Dodging
 + Level 0.1 Stealth
 + Level 4.1 Unarmed Combat
 + Level 1.5 Spellcasting
 + Level 1.7 Transmutations


You had 4 spell levels left.
You knew the following spells:

 Your Spells              Type           Power        Failure   Level  Hunger
a - Beastly Appendage     Tmut           #.....       16%         1    ##.....

Your spell library contained the following spells:

 Spells                   Type           Power        Failure   Level  Hunger
 Sticks to Snakes         Tmut           #.......     24%         2    ###....
 Spider Form              Tmut/Pois      #.........   56%         3    ####...
 Ice Form                 Ice/Tmut       #.......     92%         4    #####..
 Blade Hands              Tmut           #.........   99%         5    ######.


Dungeon Overview and Level Annotations

Branches:
Dungeon (2/15)

Altars:


Innate Abilities, Weirdness & Mutations

((You reflexively headbutt those who attack you in melee.))
((You have a pair of horns on your head.))


Message History

You feel sick.
The frilled lizard bites you but does no damage.
The kobold hits you but does no damage. The bat hits you but does no damage.
The frilled lizard bites you but does no damage.
The kobold hits you but does no damage. The bat barely misses you.
The frilled lizard bites you.
* * * LOW HITPOINT WARNING * * *
The kobold barely misses you. The bat hits you but does no damage. x2
The frilled lizard bites you but does no damage.
The kobold hits you but does no damage.
* * * LOW HITPOINT WARNING * * *
You feel sick. The bat barely misses you. The bat hits you but does no damage.
The frilled lizard bites you but does no damage.
The bat hits you but does no damage. The bat hits you but does no damage.
The kobold hits you but does no damage.
The frilled lizard bites you but does no damage.
The hobgoblin hits you.
You die...

#.........###
#...........#
#...........
#.........#
#.........#
#..<......#
#..)......####.
#....b.gg......
#.#....♣l......
#.#####.K......
#. #....(... #.
#........ #.
......... #.
#........
#.)......
##.......


You could see a hobgoblin, a goblin, a bat, a kobold and a frilled lizard.

Vanquished Creatures
  2 adders (D:2)
  A dart slug (D:2)
  A giant cockroach (D:1)
  2 hobgoblins (D:1)
  2 ball pythons (D:1)
  A bat (D:1)
  A frilled lizard (D:2)
  4 goblins
  3 kobolds (D:1)
  3 rats (D:1)
20 creatures vanquished.

Notes
Turn   | Place    | Note
-------+----------+-------------------------------------------
     0 | D:1      | ubername the Minotaur Transmuter began the quest for the
                  | Orb.
     0 | D:1      | Reached XP level 1. HP: 16/16 MP: 1/1
   615 | D:1      | Reached XP level 2. HP: 23/23 MP: 3/3
  1211 | D:2      | Reached skill level 4 in Unarmed Combat
  1336 | D:2      | Reached XP level 3. HP: 4/28 MP: 1/4
  1342 | D:2      | HP: 1/42 [frilled lizard (2)]
  1345 | D:2      | Slain by a hobgoblin

Illustrated notes

Levels and vault maps discovered:
D:1:      heliophobic_arrival_battle_scene, layout_loops_ring, st_stairs_1,
          chequers_serial_rivers_small_a
D:2:      layout_rooms, nicolae_overflow_hidden_temple

Skill      XL: |  1  2 |
---------------+-------+-----
Unarmed Combat | 4 |  4.1
Fighting       | |  1.3
Short Blades   | |  0.4
Dodging        | |  2.6
Stealth        | |  0.1
Spellcasting   | |  1.5
Transmutations | |  1.7

Action                   || total
-------------------------++-------
Melee: Unarmed           ||    15
       Dagger            ||    25
       Headbutt          ||     4
       Kick              ||     5
       Punch             ||     1
Throw: Stone             ||     9
       Dart              ||     1
 Cast: Beastly Appendage ||     4
  Use: Potion            ||     2
  Eat: Chunk             ||     1
Armor: Robe              ||     9
       Skin              ||    17
Dodge: Dodged            ||    29
